 Dungeon Crawl Stone Soup version 0.21.0-3-g78d12a8bdd (webtiles) character file.

117 Livsi the Shield-Bearer (level 4, -1/42 HPs)
             Began as a Deep Dwarf Fighter on Jan 12, 2018.
             Slain by a worm (2 damage)
             ... on level 2 of the Dungeon.
             The game lasted 00:16:24 (4580 turns).

Livsi the Shield-Bearer (Deep Dwarf Fighter)        Turns: 4580, Time: 00:16:25

Health: -1/42      AC:  5    Str: 19    XL:     4   Next: 71%
Magic:  4/4        EV:  9    Int:  9    God:
Gold:   113        SH:  9    Dex: 13    Spells: 3/3 levels left

rFire    . . .     SeeInvis .   a - +1 war axe
rCold    . . .     Gourm    .   c - +0 shield
rNeg     . . .     Faith    .   e - +0 ring mail
rPois    .         Spirit   .   (no helmet)
rElec    .         Reflect  .   (no cloak)
rCorr    .         Harm     .   (no gloves)
MR       .....                  (no boots)
Stlth    +.........             (no amulet)
HPRegen  0.00/turn              (no ring)
MPRegen  0.09/turn              (no ring)

@: non-regenerating
A: damage resistance, heal wounds, sense surroundings 1, no regeneration
a: Heal Wounds


You were on level 2 of the Dungeon.
You were hungry.

You visited 1 branch of the dungeon, and saw 2 of its levels.

You collected 113 gold pieces.

Inventory:

Hand Weapons
 a - a +1 war axe (weapon)
 g - a +0 whip
 h - a +0 club
 i - a +0 club
 k - a +0 club
 l - a +0 club
 n - a +0 club
 t - a +0 club
 u - a cursed -3 club
 v - a cursed +0 spear
 x - a cursed -3 club
 y - a +0 flail
 z - a +0 spear
 A - a +0 quarterstaff
 B - a cursed -2 short sword
 C - a +0 club
 D - a +0 hunting sling
 E - a +0 dagger
Missiles
 j - 35 stones (quivered)
 m - 18 arrows
 r - 7 tomahawks
 s - 7 poisoned needles
Armour
 b - a +0 scale mail
 c - a +0 shield (worn)
 e - a +0 ring mail (worn)
 f - a +0 ring mail
 o - a +0 ring mail
 q - a +0 buckler
 w - a +0 leather armour
 F - a +0 leather armour
Wands
 p - a wand of flame (31)
Potions
 d - 2 potions of might


   Skills:
 + Level 3.3 Fighting
 + Level 3.4 Axes
 + Level 3.8 Armour
 + Level 1.5 Dodging
 + Level 0.6 Stealth
 + Level 3.9 Shields


You had 3 spell levels left.
You didn't know any spells.

Dungeon Overview and Level Annotations

Branches:
Dungeon (2/15)

Altars:


Innate Abilities, Weirdness & Mutations

You are resistant to damage.
You can heal yourself by infusing magical energy.
You passively map a small area around you.
You do not regenerate.


Message History

You see here a kobold corpse.
There is an open door here.
You see here a cursed -3 hand axe.
You open the door.
There is an open door here.
You see here a leather armour.
F - a leather armour You are feeling hungry.
As you open the door, it creaks loudly!
There is an open door here.
There is a large open door here.
There is a large open door here.
You open the door.
There is an open door here.
There is an open door here.
A worm comes into view.
You hit the worm.
The worm is moderately wounded.
The worm bites you.
You die...

#........##.#.###.############
#.#.####......................
#.#.# ###..#...#......#######
#.#.# #.......'.............
#.#.#####.......#......#######
#.#.##.##...#...#.############
#.#.##.##<......#.#* #......
#.#.##.####.#...#.. , ..#.###
#.#.##......#@.#### *** * #
#.#.##.######w....... , ##
#.#.##.# #.#####.#* *#.
#.#.##.######.#* , , #.
#.#.##......... * , #.
#.#.##..#####.# *, , * , #.
#.#.##..# #.# * *, #.
#.#.##..# #.# *, #. #.#.##..#
#.# * * #.


You could see a worm.

Vanquished Creatures
  2 adders (D:2)
  3 gnolls (D:2)
  A worm (D:2)
  3 dart slugs
  A leopard gecko (D:2)
  A giant cockroach (D:1)
  7 hobgoblins
  7 jackals (D:2)
  3 kobolds
  A quokka (D:2)
  11 bats
  5 frilled lizards
  7 goblins
  7 rats
59 creatures vanquished.

Notes
Turn   | Place    | Note
-------+----------+-------------------------------------------
     0 | D:1      | Livsi the Deep Dwarf Fighter began the quest for the Orb.
     0 | D:1      | Reached XP level 1. HP: 20/20 MP: 1/1
   133 | D:1      | Reached XP level 2. HP: 27/27 MP: 2/2
   465 | D:1      | Reached XP level 3. HP: 34/34 MP: 3/3
   793 | D:2      | Reached skill level 1 in Dodging
  1011 | D:2      | Reached XP level 4. HP: 30/42 MP: 4/4
  2910 | D:2      | HP: 2/42 [gnoll/spear (5)]
  2915 | D:2      | HP: 1/42 [gnoll/spear (1)]
  4580 | D:2      | Slain by a worm

Skill      XL: |  1  2  3 |
---------------+----------+-----
Fighting       | 3 |  3.3
Axes           | 3 |  3.4
Dodging        | 1 |  1.5
Armour         | |  3.8
Stealth        | |  0.6
Shields        | |  3.9

Action                   |  1- 3 |  4- 6 || total
-------------------------+-------+-------++-------
Melee: War axe           |   129 |    58 ||   187
  Use: Scroll            |     4 |     2 ||     6
       Potion            |     1 |     1 ||     2
  Eat: Chunk             |       |     4 ||     4
       Ration            |       |     2 ||     2
Armor: Ring mail         |    46 |    23 ||    69
Dodge: Dodged            |    49 |    29 ||    78
Block: Shield            |    90 |    29 ||   119
